 Dungeon Crawl Stone Soup version 0.17-a0-1979-g1c74939 (webtiles) character file.

35 Shim the Grasshopper (level 3, 0/24 HPs)
             Began as a High Elf Warper on Oct 5, 2015.
             Was an Initiate of Dithmenos.
             Killed from afar by Natasha (7 damage)
             ... with a magic dart
             ... on level 2 of the Dungeon.
             The game lasted 00:09:24 (2319 turns).

Shim the Grasshopper (High Elf Warper)              Turns: 2319, Time: 00:09:24

Health: 0/24       AC:  3    Str: 10    XL:     3   Next: 16%
Magic:  7/7        EV: 12    Int: 16    God:    Dithmenos [......]
Gold:   53         SH:  0    Dex: 16    Spells: 1 memorised, 6 levels left

rFire  . . .     SeeInvis .     a - +0 short sword
rCold  . . .     Clarity  .     b - +0 leather armour
rNeg   . . .     SustAt   .     (no shield)
rPois  .         Gourm    .     (no helmet)
rElec  .         Spirit   .     (no cloak)
rCorr  .         Warding  .     (no gloves)
rMut   .         Stasis   .     (no boots)
MR     .....                    (no amulet)
Stlth  +.........               (no ring)
                                (no ring)

@: slowed, very slow, not resistant to hostile enchantments, very unstealthy
A: no striking features
a: Renounce Religion


You were on level 2 of the Dungeon.
You worshipped Dithmenos.
Dithmenos was noncommittal.
You were not hungry.

You visited 1 branch of the dungeon, and saw 2 of its levels.

You collected 53 gold pieces.

Inventory:

Hand Weapons
 a - a +0 short sword (weapon)
 g - a +0 hunting sling of evasion
Missiles
 e - a tomahawk of dispersal
 h - 50 stones (quivered)
Armour
 b - a +0 leather armour (worn)
Scrolls
 d - a scroll of magic mapping {unknown}
 i - 2 scrolls of identify {unknown}
 l - a scroll of remove curse {unknown}
Books
 c - a book of Spatial Translocations

   Spells                             Type                      Level
   a - Apportation                    Translocation                1
   b - Blink                          Translocation                2
   c - Shroud of Golubria             Charms/Translocation         2
   d - Portal Projectile              Translocation                3
   e - Teleport Other                 Translocation                3
   f - Passage of Golubria            Translocation                4
Comestibles
 f - a bread ration
 j - a royal jelly


   Skills:
 + Level 2.2 Fighting
 + Level 2.7 Short Blades
 + Level 1.2 Throwing
 + Level 1.2 Armour
 + Level 2.6 Dodging
 + Level 0.2 Stealth
 + Level 2.6 Spellcasting
 + Level 3.6 Translocations


You had 6 spell levels left.
You knew the following spells:

 Your Spells              Type           Power        Failure   Level  Hunger
a - Apportation           Tloc           ##........   8%          1    #......


Dungeon Overview and Level Annotations

Branches:
Dungeon (2/15)

Altars:
Cheibriados
Dithmenos
Kikubaaqudgha
Nemelex Xobeh
Sif Muna
Trog

Annotations:
D:2 Natasha


Message History

You assume a fearsome visage.
Natasha looks frightened!
The hobgoblin looks frightened!
The shadow imp is unaffected.
It was a scroll of fear.
The shadow imp hits you.
* * * LOW HITPOINT WARNING * * *
Natasha mumbles some strange words.
The shadow imp closely misses you.
Casting: Apportation
Confirm with . or Enter, or press ? or * to list all spells.
You don't know that spell.
The crimson imp blinks!
The shadow imp grinds its teeth.
The shadow imp misses you. The shadow imp completely misses you.
The crimson imp puffs mist at you.
The shadow imp disappears in a puff of smoke!
The crimson imp summons a swarm of flies.
The crimson imp blinks!
Natasha casts a spell at you. The magic dart hits you!
You die...

# #.#.#.##...#.g#
#.#.#.5.§....#.##.
#.#.#.#.#...........
#...........#..#.###
#..h............
#..####+..'#'##.
#########....##8).8##...
.............##...._#...
####..@.....###..###..(
#....<......#.....# ...
#.####.#..##...#.###..###..#
#................#_....⌠#..+
#.####.....#.....###..###..#
#.....#.....#⌠...._#
##.....#.....###..###
#......#.....#_...._#
#............###_.###


You could see Natasha and a crimson imp.

Vanquished Creatures
  2 giant geckos
  2 bats (D:1)
  2 giant cockroaches (D:1)
  4 hobgoblins (D:1)
  3 ball pythons (D:1)
  3 giant newts (D:1)
  6 goblins (D:1)
  6 kobolds (D:1)
  5 rats (D:1)
33 creatures vanquished.

Notes
Turn   | Place    | Note
--------------------------------------------------------------
     0 | D:1      | Shim the High Elf Warper began the quest for the Orb.
     0 | D:1      | Reached XP level 1. HP: 14/14 MP: 4/4
   518 | D:1      | Reached skill level 1 in Armour
   518 | D:1      | Reached XP level 2. HP: 5/19 MP: 6/6
  1681 | D:1      | Reached XP level 3. HP: 12/24 MP: 7/7
  2267 | D:2      | Found a sparkling altar of Nemelex Xobeh.
  2273 | D:2      | Found a bloodstained altar of Trog.
  2274 | D:2      | Found a snail-covered altar of Cheibriados.
  2275 | D:2      | Found a deep blue altar of Sif Muna.
  2277 | D:2      | Found an ancient bone altar of Kikubaaqudgha.
  2278 | D:2      | Found a shadowy altar of Dithmenos.
  2281 | D:2      | Became a worshipper of Dithmenos the Shadowed
  2300 | D:2      | Noticed Natasha
  2319 | D:2      | Killed from afar by Natasha

Vault maps used:
D:1:      dpeg_arrival_simpleton_a
D:2:      minitemple, first_bread, uniq_natasha

Action                   || total
-------------------------++-------
Melee: Short sword       ||   107
 Fire: Hunting sling     ||    15
Throw: Tomahawk          ||     4
       Stone             ||    12
  Use: Scroll            ||     2
  Eat: Chunk             ||     3
       Bread ration      ||     1
